 Dungeon Crawl Stone Soup version 0.21-a0-143-g1ab7d47 (webtiles) character file.

1197 KristoblXynda the Cutter (level 8, 0/39 HPs)
             Began as a Spriggan Fighter on July 25, 2017.
             Killed by divine providence
             ... invoked by an orc priest
              (16 damage)
             ... on level 5 of the Dungeon.
             The game lasted 00:12:08 (5301 turns).

KristoblXynda the Cutter (Spriggan Fighter)         Turns: 5301, Time: 00:12:08

Health: 0/39       AC:  2    Str: 13    XL:     8   Next: 20%
Magic:  9/9        EV: 20    Int: 13    God:
Gold:   206        SH:  7    Dex: 16    Spells: 7/7 levels left

rFire    . . .     SeeInvis +   o - +3 short sword (holy)
rCold    . . .     Gourm    .   c - +0 buckler
rNeg     . . .     Faith    .   b - +0 robe
rPois    .         Spirit   .   (helmet restricted)
rElec    .         Reflect  .   p - scarf {cloud immunity}
rCorr    .         Harm     .   (gloves unavailable)
MR       +....                  (boots unavailable)
Stlth    +++++.....             (no amulet)
HPRegen  0.00/turn              m - +3 ring of intelligence
MPRegen  0.11/turn              n - ring of stealth

@: very quick
A: unfitting armour, talons 2, see invisible, herbivore 3, speed 3, inhibited
regeneration, slow metabolism 2, MP-powered wands
a: no special abilities


You were on level 5 of the Dungeon.
You were not hungry.

You visited 1 branch of the dungeon, and saw 5 of its levels.

You collected 206 gold pieces.

Inventory:

Hand Weapons
 o - a +3 short sword of holy wrath (weapon)
Armour
 b - a +0 robe (worn)
 c - a +0 buckler (worn)
 p - a scarf of cloud immunity (worn)
Jewellery
 m - a +3 ring of intelligence (left hand)
 n - a ring of stealth (right hand)
Wands
 r - a wand of acid (10/15)
Scrolls
 d - a scroll of remove curse {unknown}
 h - 2 scrolls of enchant weapon
 j - a scroll of recharging {unknown}
 l - 2 scrolls of blinking
 q - a scroll of teleportation {unknown}
 s - a scroll of enchant armour {unknown}
 t - a scroll of fog {unknown}
Potions
 a - a potion of curing
 e - a potion of brilliance
 k - a potion of resistance
 u - a potion of might
Comestibles
 f - 5 bread rations
 g - a royal jelly
 i - 7 fruits


   Skills:
 - Level 2.4 Fighting
 * Level 7.9 Short Blades
 + Level 5.1 Dodging
 + Level 7.3 Stealth
 - Level 4.1 Shields


You had 7 spell levels left.
You didn't know any spells.

Dungeon Overview and Level Annotations

Branches:
Dungeon (5/15)
 Temple: D:4-7

Altars:
Elyvilon
Makhleb
Sif Muna
Zin

Shops:
D:5 *


Innate Abilities, Weirdness & Mutations

You are very small and have problems with some larger weapons.
You are too small for most types of armour.
You have supernaturally acute eyesight. (SInv)
You are a herbivore.
You cover ground extremely quickly.
You need consume almost no food.
You have razor-sharp toenails.
You do not regenerate when monsters are visible.
You expend magic power (3 MP) to strengthen your wands.


Message History

The giant cockroach misses you.
You closely miss the giant cockroach. You claw the giant cockroach.
You kill the giant cockroach!
An orc priest comes into view.
You see here a giant cockroach corpse.
The orc priest shouts!
You see here a giant cockroach corpse.
You start resting.
An orc wizard comes into view. It is wielding a dagger.
The orc wizard shouts!
The orc priest mumbles some strange prayers to Beogh against you.
Beogh smites you!
You hear a shout!
You see here a giant cockroach corpse.
You hit the orc priest but do no damage.
You hit the orc priest but do no damage.
Your kick misses the orc priest.
The orc priest calls down the wrath of Beogh upon you.
Beogh smites you!
You die...

....#.#...........#.
.........#........#.
##....#..#..###..##.
#########..#.......#..##[
#..........#....#..#.....
#.........##....#..##.###
#...........o...#..##.# #
#.......o......#)..##.###
##.......@#######.#.##.#..
#.................#..#.#.#
#.........##########.#.#.#
#....†...........(#.....<#
#.................#.#..###
#.......................#.....
#....#########........###..###
#.... .................>#
##### ###..........######


You could see an orc priest and an orc wizard.

Vanquished Creatures
  Sigmund (D:2)
  A phantom (D:5)
  2 ogres (D:4)
  A bullfrog (D:4)
  A big kobold (D:3)
  A scorpion (D:5)
  2 howler monkeys
  A crimson imp (D:3)
  A jelly (D:5)
  An orc priest (D:5)
  4 orc wizards (D:4)
  A centaur skeleton (D:4)
  Jessica (D:2)
  2 worker ants
  2 hound skeletons (D:3)
  2 worker ant zombies (D:3)
  An adder (D:2)
  4 gnolls
  An adder skeleton (D:5)
  2 worms (D:3)
  3 dart slugs
  4 leopard geckos
  12 orcs
  8 giant cockroaches
  6 goblins
  5 hobgoblins
  11 jackals
  2 quokkas
  3 ball pythons
  3 bats (D:1)
  6 frilled lizards
  14 kobolds
  2 leopard gecko skeletons (D:3)
  A leopard gecko zombie (D:3)
  A quokka skeleton (D:3)
  7 rats
120 creatures vanquished.

Notes
Turn   | Place    | Note
-------+----------+-------------------------------------------
     0 | D:1      | KristoblXynda the Spriggan Fighter began the quest for the Orb.
     0 | D:1      | Reached XP level 1. HP: 11/11 MP: 2/2
    56 | D:1      | Reached skill level 1 in Stealth
   125 | D:1      | Reached XP level 2. HP: 16/16 MP: 3/3
  1030 | D:2      | Reached XP level 3. HP: 13/19 MP: 4/4
  1141 | D:2      | Found a burning altar of Makhleb.
  1141 | D:2      | Noticed a blizzard demon
  1309 | D:2      | Noticed Sigmund
  1327 | D:2      | Killed Sigmund
  1327 | D:2      | Reached XP level 4. HP: 14/23 MP: 5/5
  1327 | D:2      | Reached XP level 5. HP: 16/27 MP: 6/6
  1338 | D:2      | Noticed Jessica
  1343 | D:2      | Killed Jessica
  1846 | D:2      | Reached skill level 5 in Short Blades
  1880 | D:3      | Found a faded altar of an unknown god.
  2034 | D:3      | Reached XP level 6. HP: 18/32 MP: 7/7
  3521 | D:4      | Found a deep blue altar of Sif Muna.
  3522 | D:4      | Reached skill level 5 in Stealth
  3522 | D:4      | Reached XP level 7. HP: 35/35 MP: 8/8
  3582 | D:4      | Found a white marble altar of Elyvilon.
  4002 | D:4      | Gained mutation: You expend magic power (3 MP) to strengthen your wands. [potion of mutation]
  4002 | D:4      | Gained mutation: You have sharp toenails. [potion of mutation]
  4002 | D:4      | Gained mutation: You do not regenerate when monsters are visible. [potion of mutation]
  4002 | D:4      | Gained mutation: You have razor-sharp toenails. [potion of mutation]
  4152 | D:4      | Found a glowing silver altar of Zin.
  4778 | D:5      | Entered Level 5 of the Dungeon
  4957 | D:5      | Reached XP level 8. HP: 39/39 MP: 9/9
  4987 | D:5      | Reached skill level 5 in Dodging
  5078 | D:5      | Found Vanletoepp's General Store.
  5301 | D:5      | Killed from afar by an orc priest

Vault maps used:
D:1:      scummos_arrival_gate
D:2:      makhleb_altar_promises_db, uniq_jessica, uniq_sigmund
D:3:      cheibrodos_thug_alley, chequers_ecumenical_altar_simple,
          serial_undead, serial_undead_e, serial_undead_f, serial_undead_a,
          serial_undead_a
D:4:      marbit_many_paths, lemuel_crystal_altar, kennysheep_little_box,
          first_bread
D:5:      wad_crossroads, nicolae_ru_the_path_less_chosen, serial_shops, shop

Skill      XL: |  1  2  3  4  5  6  7  8 |
---------------+-------------------------+-----
Stealth        | 1 3 4 5 6 7 |  7.3
Short Blades   | 3 4 5 6 7 |  7.9
Shields        | 3 4 |  4.1
Dodging        | 5 |  5.1
Fighting       | |  2.4

Action                   |  1- 3 |  4- 6 |  7- 9 || total
-------------------------+-------+-------+-------++-------
Melee: Rapier            |    43 |       |       ||    43
       Short sword       |    80 |   182 |   132 ||   394
       Kick              |       |       |    24 ||    24
  Use: Potion            |     5 |       |     6 ||    11
       Scroll            |       |     8 |     2 ||    10
 Stab: Sleeping          |     4 |     6 |     7 ||    17
       Distracted        |       |       |     1 ||     1
  Eat: Fruit             |       |       |     1 ||     1
       Royal jelly       |       |       |     1 ||     1
Armor: Robe              |     7 |     8 |     2 ||    17
       Skin              |       |       |     5 ||     5
Dodge: Dodged            |    74 |    75 |    64 ||   213
Block: Buckler           |    27 |    47 |    26 ||   100
